Unix NetHack Version 5.0.0-0 post-release - last build May 10 2026 23:12:36 (d1fa5d53e341ca933230fdaa984d921c805b60aa,branch:main).

Game began 2026-05-11 21:05:59, ended 2026-05-13 14:04:33.

Hekik, neutral male gnomish Wizard

                              -----
                              |...|
                           #M#....|
                           @  |....#
              --------+-   M  -----#
              |.........   d       #
              |..........  #       #
              ...........|##       #
              |..........-#        #
              ------------         #
                                   #
                                   #
                                  ##
                                  #----------------
                                  #|..............|
                                  #|.........<.....
                                  #|..............|
                                  #-.(........{...|
                                   ----------------

Hekik the Thaumaturge     St:15 Dx:15 Co:11 In:19 Wi:11 Ch:10  Neutral
Dlvl:8  $:491 HP:0(43) Pw:21(60) AC:3  Xp:6/467 T:4886  Burdened

Latest messages:
 You hit the elf mummy.
 The elf mummy hits!
 You swap places with your little dog.
 The elf mummy hits!
 You hear some noises.
 You hit the elf mummy.
 The elf mummy hits!
 You miss the elf mummy.
 The elf mummy just misses!
 The elf mummy hits!
 You see here a +0 studded leather armor.
 You hear some noises in the distance.
 In what direction?
 The magic missile hits the kobold mummy!
 The magic missile bounces!
 The kobold mummy hits!
 The elf mummy hits!
 You hear some noises.
 The elf mummy hits!
 What do you want to zap? [cxD or ?*]
 In what direction?
 The bolt of cold hits the kobold mummy.
 The bolt of cold bounces!
 The kobold mummy hits!
 The elf mummy hits!
 What do you want to drink? [ghtBJKMO or ?*]
 You feel much better.
 The kobold mummy misses!
 The elf mummy hits!
 You hit the kobold mummy.
 The kobold mummy hits!
 The elf mummy hits!
 The kobold mummy hits!
 The elf mummy hits!
 a - a blessed +1 quarterstaff (weapon in hands).
 f - a runed dagger (alternate weapon; not wielded).
 The kobold mummy hits!
 The elf mummy hits!
 You miss the kobold mummy.
 The elf mummy hits!
 What do you want to read? [ijlmprswyAEG-ILNQYZ or ?*]
 As you read the scroll, it disappears.
 Your hands begin to glow red.
 The kobold mummy hits!
 You die...
 Do you want your possessions identified? [ynq] (y)
 Do you want to see your attributes? [ynq] (y)
 Do you want an account of creatures vanquished? [ynaq] (y)
 Do you want to see your conduct and achievements? [ynq] (y)
 Do you want to see the dungeon overview? [ynq] (y)

Inventory:
 Coins    ('$')
  $ - 491 gold pieces
 Weapons  (')')
  f - an uncursed +0 elven dagger (alternate weapon; not wielded)
  S - an uncursed +0 orcish dagger (at the ready)
  a - a blessed +1 quarterstaff (weapon in hands)
 Armor    ('[')
  V - an uncursed greased +0 orcish helm (being worn)
  P - an uncursed +0 pair of elven boots (being worn)
  b - an uncursed greased burnt +0 cloak of magic resistance (being worn)
  R - an uncursed +0 elven mithril-coat (being worn)
 Comestibles  ('%')
  u - an uncursed apple
  T - an uncursed tripe ration
  q - an uncursed lizard corpse
 Scrolls  ('?')
  G - a cursed scroll of amnesia
  Y - 3 uncursed scrolls of blank paper
  i - an uncursed scroll of charging
  s - an uncursed scroll of confuse monster
  j - 2 uncursed scrolls of enchant armor
  A - an uncursed scroll of enchant weapon
  p - a cursed scroll of enchant weapon
  H - an uncursed scroll of fire
  L - an uncursed scroll of gold detection
  E - an uncursed scroll of light
  y - an uncursed scroll of magic mapping
  w - an uncursed scroll of scare monster
 Spellbooks  ('+')
  N - an uncursed spellbook of charm monster
  m - an uncursed spellbook of detect monsters
  r - an uncursed spellbook of detect treasure
  Q - an uncursed spellbook of detect unseen
  I - an uncursed spellbook of fireball
  l - a blessed spellbook of force bolt
  Z - an uncursed spellbook of magic missile
 Potions  ('!')
  M - an uncursed potion of booze
  h - an uncursed potion of object detection
  g - an uncursed potion of paralysis
  O - an uncursed potion of restore ability
  t - an uncursed potion of speed
  K - a potion of holy water
  J - an uncursed potion of water
 Rings    ('=')
  d - an uncursed ring of fire resistance
  e - an uncursed +2 ring of gain strength (on left hand)
 Wands    ('/')
  c - an uncursed wand of cold (0:3)
  D - an uncursed wand of light (0:12)
  x - an uncursed wand of speed monster (0:4)
 Tools    ('(')
  o - an uncursed blindfold
  X - an uncursed can of grease (0:7)
  z - an uncursed credit card
  F - an uncursed lock pick
  n - an uncursed magic marker (0:6)

Hekik the Wizard's attributes:

Background:
 You were a Thaumaturge, a level 6 male gnomish Wizard.
 You were neutral, on a mission for Thoth
 who was opposed by Ptah (lawful) and Anhur (chaotic).
 You were right-handed.
 You were in the Dungeons of Doom, on level 8.
 You entered the dungeon 4886 turns ago.
 You had 467 experience points, 173 more were needed to attain level 7.

Basics:
 You had 0 out of 43 hit points.
 You had 21 out of 60 energy points (spell power).
 Your armor class was 3.
 Your wallet contained 491 zorkmids.
 Autopickup was off.

Final Characteristics:
 Your strength was 15 (base:13, limit:18/50).
 Your dexterity was 15 (limit:18).
 Your constitution was 11 (limit:18).
 Your intelligence was 19 (limit:19).
 Your wisdom was 11 (limit:18).
 Your charisma was 10 (limit:18).

Final Status:
 You weren't hungry.
 You were burdened; movement was slightly slowed.
 You were wielding a quarterstaff.
 You had basic skill with quarterstaff and could have enhanced that.

Final Attributes:
 You were piously aligned.
 You were magic-protected.
 You had infravision.
 You would have confused monsters when hitting them.
 You were stealthy.
 You were guarded.
 Your spell casting was impaired by metallic armor.
 You are dead.

Miscellaneous:
 You didn't encounter any bones levels.
 Total elapsed playing time was 2 hours, 26 minutes and 2 seconds.

Major events:
 Turn
    1: Hekik the neutral male gnomish Wizard entered the dungeon
 1081: attained the rank of Conjurer (level 3)
 1749: entered the Gnomish Mines
 4248: attained the rank of Thaumaturge (level 6)
 4886: killed by a kobold mummy

Spells:
 Name                 Level Category     Fail Retention
 force bolt             1   attack        48%   71%-80%
 detect monsters        1   divination    48%  76%-100%
 detect treasure        4   divination   100%  76%-100%
 slow monster           2   enchantment   48%  91%-100%
 detect unseen          3   divination   100%  76%-100%
 magic missile          2   attack        12%  91%-100%
 fireball               4   attack        93%  91%-100%
 charm monster          5   enchantment  100%  91%-100%

Skills:
 Fighting Skills
   bare handed combat [Unskilled]
   riding             [Unskilled]
 Weapon Skills
   dagger             [Unskilled]
   knife              [Unskilled]
   axe                [Unskilled]
   short sword        [Unskilled]
   club               [Unskilled]
   mace               [Unskilled]
   quarterstaff       [Basic]
   polearms           [Unskilled]
   spear              [Unskilled]
   trident            [Unskilled]
   sling              [Unskilled]
   dart               [Unskilled]
   shuriken           [Unskilled]
 Spellcasting Skills
   attack spells      [Basic]
   healing spells     [Unskilled]
   divination spells  [Unskilled]
   enchantment spells [Basic]
   clerical spells    [Unskilled]
   escape spells      [Unskilled]
   matter spells      [Unskilled]

Voluntary challenges:
 Character rerolling was not enabled.
 You never genocided any monsters.
 You never polymorphed an object.
 You never changed form.
 You used no wishes.
Achievements:
 You entered a shop.
 You attained the rank of Conjurer.
 You entered the Gnomish Mines.
 You attained the rank of Thaumaturge.

 The Dungeons of Doom: levels 1 to 8
    Level 1:
    Level 2:
       A general store.
    Level 3:
       A general store.
    Level 4:
       A fountain.
       Stairs down to The Gnomish Mines.
    Level 5:
       A sink.
    Level 6:
       A sink.
    Level 7:
       A general store.
    Level 8: <- You were here.
       A fountain.
       Final resting place for
          you, killed by a kobold mummy.
 The Gnomish Mines:
    Level 5:


Vanquished creatures:
  a giant beetle
  a dwarf mummy
  a lizard
  a snake
  a rope golem
  a Woodland-elf
  2 bugbears
 an imp
 an orc shaman
  2 fog clouds
  a yellow light
  a shrieker
  a paper golem
  5 giant ants
  a floating eye
  a kitten
  6 rothes
  2 giant bats
  2 iguanas
  2 acid blobs
  2 hobbits
  a cave spider
  a green mold
  a gnome
  2 geckos
  4 jackals
  3 foxes
  a kobold
  2 goblins
  6 grid bugs
  4 lichens
  4 newts
65 creatures vanquished.

No species were genocided or became extinct.

Game over:
                       ----------
                      /          \
                     /    REST    \
                    /      IN      \
                   /     PEACE      \
                  /                  \
                  |      Hekik       |
                  |      491 Au      |
                  |   killed by a    |
                  |   kobold mummy   |
                  |                  |
                  |                  |
                  |       2026       |
                 *|     *  *  *      | *
        _________)/\\_//(\/(/\)/\//\/|_)_______

Goodbye Hekik the Wizard...

You died in The Dungeons of Doom on dungeon level 8 with 2700 points,
and 491 pieces of gold, after 4886 moves.
You were level 6 with a maximum of 43 hit points when you died.

